 Dungeon Crawl Stone Soup version 0.29.1-15-g9cfb28693d (webtiles) character file.

Game seed: 15560354619253529643

2 GeoRichter the Sneak (level 1, 0/7 HPs)
             Began as a Felid Air Elementalist on Mar 18, 2023.
             Slain by a frilled lizard (2 damage)
             ... on level 1 of the Dungeon.
             The game lasted 00:00:39 (90 turns).

GeoRichter the Sneak (Felid Air Elementalist)         Turns: 90, Time: 00:00:40

Health: 0/7        AC:  1    Str:  4    XL:     1   Next: 33%
Magic:  4/4        EV: 17    Int: 16    God:
Gold:   10         SH:  0    Dex: 16    Spells: 3/4 levels left
                                        Lives:  0   Deaths: 0

rFire   . . .      SeeInvis +   (weapon unavailable)
rCold   . . .      Faith    .   (shield unavailable)
rNeg    . . .      Spirit   .   (body armour unavailable)
rPois   .          Reflect  .   (helmet unavailable)
rElec   .          Harm     .   (cloak unavailable)
rCorr   .          Rampage  .   (gloves unavailable)
Will    .....                   (boots unavailable)
Stlth   ++........              (no amulet)
HPRegen 0.02/turn               (no ring)
MPRegen 0.09/turn               (no ring)

@: very slightly contaminated, quick
A: very small, claws 1, fangs 3, see invisible, speed 1, shaggy fur 1, stealthy
paws, no weapons or thrown items, no armour, multi-lived
a: no special abilities


You were on level 1 of the Dungeon.
You visited 1 branch of the dungeon, and saw 1 of its levels.

You collected 10 gold pieces.

You aren't carrying anything.


   Skills:
 - Level 2.6 Dodging
 + Level 3.1 Stealth
 - Level 2.0 Spellcasting
 - Level 0.8 Conjurations
 - Level 2.6 Air Magic


You had 3 spell levels left.
You knew the following spells:

 Your Spells              Type           Power      Damage    Failure   Level
a - Shock                 Conj/Air       28%        1d4       10%         1

Your spell library contained the following spells:

 Spells                   Type           Power      Damage    Failure   Level
 Static Discharge         Conj/Air       7%         3-4/arc   16%         2
 Swiftness                Air            10%        N/A       21%         3
 Airstrike                Air            5%         2d(1-17)  56%         4


Dungeon Overview and Level Annotations

Branches:
Dungeon (1/15) Zot: 5922

Altars:


Innate Abilities, Weirdness & Mutations

You have sharp claws.
You have razor-sharp teeth.
You have supernaturally acute eyesight. (SInv)
You cover ground quickly. (Speed+)
You are covered in fur. (AC +1)
Your paws help you pounce on unaware monsters.
You are incapable of wielding weapons or throwing items.
You cannot wear armour.
You gain extra lives every three experience levels.


Message History

The kobold hits you but does no damage.
You scratch the kobold but do no damage.
The kobold hits you with a +0 dagger.
You closely miss the kobold. The kobold closely misses you.
You closely miss the kobold. The kobold hits you but does no damage.
A frilled lizard comes into view.
The frilled lizard hisses angrily.
You scratch the giant cockroach. The giant cockroach bites you.
The kobold closely misses you.
The giant cockroach completely misses you.
You scratch the giant cockroach but do no damage.
Your bite misses the giant cockroach. The giant cockroach misses you.
The kobold hits you with a +0 dagger.
* * * LOW HITPOINT WARNING * * *
The kobold throws a stone.
The stone completely misses you.
The kobold throws a stone.
The stone barely misses you. That beam is likely to hit you.
Continue anyway?
Okay, then.
The zap hits the giant cockroach. x2
The giant cockroach misses you.
The zap hits the giant cockroach.
You kill the giant cockroach!
The kobold throws a stone.
The stone barely misses you.
You start resting.
A kobold is nearby!
Aim: a kobold, wielding a +0 dagger and quivering stones (60% to hit)
The zap hits the kobold.
Aim: a kobold, wielding a +0 dagger and quivering stones (moderately wounded, 60% to hit)
The zap hits the kobold.
The zap hits the kobold but does no damage.
Aim: a kobold, wielding a +0 dagger and quivering stones (heavily wounded, 60% to hit)
The zap hits the kobold.
You kill the kobold!
Your Stealth skill increases to level 3!
You start resting.
A frilled lizard is nearby!
You don't have enough magic to cast this spell.
Unknown command.
You start resting.
A frilled lizard is nearby!
Okay, then.
You miscast Shock.
You are very lightly contaminated with residual magic.
Nothing appears to happen.
You miss the frilled lizard. The frilled lizard bites you.
* * * LOW HITPOINT WARNING * * *
You don't have enough magic to cast this spell.
Unknown command.
Magic courses through your body. The frilled lizard bites you.
You die...

###. #... #..# ##
#..########
#...###.#..|#..#
#....<.)..#.##
#...#.###.l.#######
########..#..###..K..#
#....@l#..#.##....##.#
#.##.#....#....#..##.#
#.##.###.#######... #.
#...#.# ##.... ##
###.#.. #..... ####
#.>... #...l. ##.... .
##[..


You could see a frilled lizard.

Vanquished Creatures
  A giant cockroach (D:1)
  A kobold (D:1)
2 creatures vanquished.

Notes
Turn   | Place    | Note
-------+----------+-------------------------------------------
     0 | D:1      | GeoRichter the Felid Air Elementalist began the quest for
                  | the Orb.
     0 | D:1      | Reached XP level 1. HP: 7/7 MP: 4/4
    77 | D:1      | Reached skill level 3 in Stealth
    90 | D:1      | Slain by a frilled lizard

Illustrated notes

Levels and vault maps discovered:
D:1:      psy_arrival_radial01, layout_loops_cross,
          ebering_ecumenical_altar_mist, minmay_misc_feat_five

Skill      XL: |  1 |
---------------+----+-----
Stealth        | 3 |  3.1
Dodging        | |  2.6
Spellcasting   | |  2.0
Conjurations   | |  0.8
Air Magic      | |  2.6

Action                   || total
-------------------------++-------
Melee: Unarmed           ||     7
 Cast: Shock             ||     5
  Use: Potion            ||     1
Armor: Skin              ||     2
Dodge: Dodged            ||    10
